 Seeded DCSS version 0.26.1-12-g5ba1501909 (webtiles) character file.

Game seed: 85730 (custom seed)

1754 lonewolfV2 the Ruffian (level 8, 0/75 HPs)
             Began as a Troll Fighter on Dec 15, 2021.
             Was a Believer of Makhleb.
             Slain by Sigmund
             ... wielding a +1 scythe of freezing
              (1 damage)
             ... on level 6 of the Dungeon.
             The game lasted 00:10:45 (4297 turns).

lonewolfV2 the Ruffian (Troll Fighter)              Turns: 4297, Time: 00:10:47

Health: 0/75       AC:  6    Str: 25    XL:     8   Next: 78%
Magic:  7/7        EV: 14    Int:  4    God:    Makhleb [**....]
Gold:   312        SH: 11    Dex: 11    Spells: 7/7 levels left

rFire    + . .     SeeInvis .   v - +4 war axe
rCold    + . .     Faith    +   b - +1 kite shield
rNeg     . . .     Spirit   .   a - +0 robe
rPois    +         Reflect  .   (helmet restricted)
rElec    +         Harm     .   (no cloak)
rCorr    +         Rampage  .   (gloves unavailable)
Will     .....                  (boots unavailable)
Stlth    ++........             j - amulet of faith
HPRegen  0.62/turn              o - +4 ring of evasion
MPRegen  0.10/turn              q - ring of flight

@: resistant, berserk cooldown, slowed, very slow
A: large, unfitting armour, claws 3, regeneration 1, shaggy fur 1, tough skin 3
a: Renounce Religion, Evoke Flight, Minor Destruction


You were on level 6 of the Dungeon.
You worshipped Makhleb.
Makhleb was pleased with you.
You visited 1 branch of the dungeon, and saw 6 of its levels.

You collected 312 gold pieces.

Inventory:

Hand Weapons
 v - a +4 war axe (weapon)
Armour
 a - a +0 robe (worn)
 b - a +1 kite shield (worn)
Jewellery
 j - an amulet of faith (around neck)
 o - a +4 ring of evasion (left claw)
 q - a ring of flight (right claw)
Wands
 l - a wand of acid (7)
 u - a wand of polymorph (5)
Scrolls
 i - 2 scrolls of teleportation
 m - a scroll of remove curse
 t - a scroll of amnesia
Potions
 d - 4 potions of berserk rage
 e - a potion of resistance
 f - a potion of brilliance
 g - 2 potions of lignification
 h - a potion of attraction
 p - 3 potions of flight
 r - a potion of haste {unknown}
 s - a potion of cancellation {unknown}


   Skills:
 + Level 3.2 Fighting
 + Level 0.4 Axes
 + Level 5.0 Dodging
 + Level 1.2 Stealth
 + Level 5.2 Shields
 + Level 7.7 Unarmed Combat


You had 7 spell levels left.
You didn't know any spells.
Your spell library contained the following spells:

 Spells                   Type           Power        Failure   Level
 Animate Skeleton         Necr           0%           78%         1
 Apportation              Tloc           0%           78%         1
 Corona                   Hex            0%           78%         1
 Summon Small Mammal      Summ           0%           78%         1


Dungeon Overview and Level Annotations

Branches:
Dungeon (6/15)             Temple (0/1) D:5

Altars:
Cheibriados
Fedhas
Gozag
Makhleb
Wu Jian
Zin
The Shining One

Annotations:
D:6 Sigmund


Innate Abilities, Weirdness & Mutations

You are too large for most types of armour.
You have claws for hands.
Your natural rate of healing is unusually fast.
You are covered in fur. (AC +1)
You have extremely tough skin. (AC +3)


Message History

Deactivating autopickup; reactivate with Ctrl-A.
You block the orc's attack. Something hits you but does no damage.
You block the orc's attack.
You see here a +2 ring mail of cold resistance.
You barely miss the orc.
The orc is moderately wounded.
Something hits you!
* * * LOW HITPOINT WARNING * * *
Something freezes you.
* * * LOW HITPOINT WARNING * * *
The orc barely misses you. Something barely misses you. The orc misses you.
You're still recovering from your berserk rage.
You closely miss the orc.
The orc is moderately wounded.
The orc hits you with a +0 flail.
* * * LOW HITPOINT WARNING * * *
Something hits you.
* * * LOW HITPOINT WARNING * * *
Something freezes you.
You die...

........#
........#.#
........#.#
.....$..#.#
...........
........#.#
......{)#.#
#######o#.#
......)@..#
#######..##
##.# #
######.#####.#
#............#
#............#
#............#
########.####.#
#.........# #.#


You could see an orc.

Vanquished Creatures
  A gargoyle (D:5)
  An orc warrior (D:6)
  An ice beast (D:5)
  A phantom (D:4)
  4 ogres
  Blork the orc (D:4)
  A big kobold (D:3)
  A bullfrog (D:4)
  A scorpion (D:5)
  3 hounds
  A gnoll shaman (D:4)
  A centaur skeleton (D:4)
  An iguana (D:4)
  Ijyb (D:5)
  Natasha (thrice) (D:3)
  3 orc wizards (D:6)
  A worker ant (D:5)
  A hound skeleton (D:4)
  5 gnolls (D:4)
  10 adders
  A shadow imp (D:5)
  2 white imps
  An ufetubus (D:6)
  2 worms (D:4)
  A dart slug (D:1)
  A leopard gecko (D:3)
  13 orcs
  6 giant cockroaches
  9 goblins
  3 hobgoblins
  4 quokkas
  A ball python (D:3)
  13 bats
  3 frilled lizards
  A jackal skeleton (D:3)
  4 kobolds
  4 rats
111 creatures vanquished.

Vanquished Creatures (others)
  58 plants (D:5)
58 creatures vanquished.

Grand Total: 169 creatures vanquished

Notes
Turn   | Place    | Note
-------+----------+-------------------------------------------
     0 | D:1      | lonewolfV2 the Troll Fighter began the quest for the Orb.
     0 | D:1      | Reached XP level 1. HP: 22/22 MP: 0/0
   276 | D:1      | Reached XP level 2. HP: 29/29 MP: 1/1
   735 | D:2      | Found an opulent altar of Gozag.
   918 | D:2      | Reached XP level 3. HP: 32/36 MP: 2/2
  1293 | D:2      | Found a glowing silver altar of Zin.
  1299 | D:2      | Found a snail-covered altar of Cheibriados.
  1507 | D:2      | Reached XP level 4. HP: 30/44 MP: 3/3
  1533 | D:2      | Found a burning altar of Makhleb.
  1541 | D:2      | Became a worshipper of Makhleb the Destroyer
  1750 | D:3      | Noticed Natasha
  1750 | D:3      | Noticed a big kobold
  1759 | D:3      | Killed a big kobold
  1760 | D:3      | Reached skill level 3 in Unarmed Combat
  1760 | D:3      | Reached XP level 5. HP: 52/52 MP: 4/4
  1770 | D:3      | Killed Natasha
  1781 | D:3      | Noticed Natasha
  1803 | D:3      | Killed Natasha
  2064 | D:3      | Noticed Natasha
  2073 | D:3      | Reached * piety under Makhleb
  2082 | D:3      | Killed Natasha
  2083 | D:3      | Reached XP level 6. HP: 47/59 MP: 5/5
  2224 | D:4      | Reached skill level 4 in Unarmed Combat
  2438 | D:4      | Reached XP level 7. HP: 44/67 MP: 6/6
  2472 | D:4      | Reached skill level 5 in Unarmed Combat
  2615 | D:4      | Noticed Blork the orc
  2625 | D:4      | Killed Blork the orc
  2642 | D:4      | Found an ornate altar of the Wu Jian Council.
  2727 | D:4      | Found a glowing golden altar of the Shining One.
  2748 | D:4      | Reached ** piety under Makhleb
  3281 | D:5      | Entered Level 5 of the Dungeon
  3334 | D:5      | Noticed a gargoyle
  3337 | D:5      | Reached skill level 6 in Unarmed Combat
  3356 | D:5      | Killed a gargoyle
  3357 | D:5      | Reached XP level 8. HP: 30/75 MP: 7/7
  3629 | D:5      | Reached skill level 1 in Stealth
  3629 | D:5      | Reached skill level 7 in Unarmed Combat
  3685 | D:5      | Found a blossoming altar of Fedhas.
  3781 | D:5      | Found a staircase to the Ecumenical Temple.
  4021 | D:5      | Reached skill level 5 in Shields
  4098 | D:5      | Noticed Ijyb
  4111 | D:5      | Killed Ijyb
  4263 | D:6      | Noticed Sigmund
  4288 | D:6      | Reached skill level 5 in Dodging
  4297 | D:6      | HP: 1/75 [something (5)]
  4297 | D:6      | Slain by Sigmund

Illustrated notes

Levels and vault maps discovered:
D:1:      amcnicky_arrival_abandoned_market, layout_basic, grunt_decor_cap,
          minmay_misc_feat_iff
D:2:      layout_loops_ring, grunt_gozag_statues, makhleb_blood_cavern_becter,
          amethyst_overflow_temple_binary, minmay_cupped
D:3:      layout_rooms, moated_statue, minmay_misc_feat_plants, uniq_natasha
D:4:      layout_loops_corners, overflow_temple_1_default,
          overflow_temple_1_default, uniq_blork_the_orc
D:5:      layout_rooms, fedhas_ov_isle_minmay, minmay_temple_entry_offerings,
          kennysheep_boxes, uniq_ijyb
D:6:      layout_basic, grunt_dithmenos_smoke, uniq_eustachio, uniq_sigmund

Skill      XL: |  1  2  3  4  5  6  7  8 |
---------------+-------------------------+-----
Dodging        | 3 4 5 |  5.0
Shields        | 3 4 5 |  5.2
Unarmed Combat | 3 4 6 7 |  7.7
Fighting       | 3 |  3.2
Stealth        | 1 |  1.2
Axes           | |  0.4

Action                   |  1- 3 |  4- 6 |  7- 9 || total
-------------------------+-------+-------+-------++-------
Melee: Unarmed           |   110 |   106 |   162 ||   378
       War axe           |       |       |    22 ||    22
  Use: Scroll            |       |    10 |     8 ||    18
       Potion            |       |     1 |     3 ||     4
 Stab: Sleeping          |     1 |       |       ||     1
Armor: Robe              |    74 |    25 |    57 ||   156
Dodge: Dodged            |    76 |    37 |   146 ||   259
Block: Kite shield       |    99 |    49 |    84 ||   232
